 Dungeon Crawl Stone Soup version 0.16-a0-3228-ge148b08 (console) character file.

749 Fusha the Insei (level 7, 0/54 HPs)
             Began as a Demonspawn Transmuter on Dec 21, 2014.
             Slain by a goliath beetle (29 damage)
             ... on level 5 of the Dungeon.
             The game lasted 00:29:31 (6926 turns).

Fusha the Insei (Demonspawn Transmuter)             Turns: 6926, Time: 00:29:31

Health: 0/54       AC:  5    Str: 11    XL:     7   Next: 48%
Magic:  15/15      EV: 13    Int: 16    God:
Gold:   215        SH:  0    Dex: 13    Spells: 3 memorised, 7 levels left

rFire  . . .     SeeInvis .       - Unarmed
rCold  . . .     Clarity  .     c - +0 robe
rNeg   . . .     SustAb   .     (no shield)
rPois  .         Gourm    .     (helmet restricted)
rElec  .         Spirit   .     (no cloak)
rCorr  .         Warding  .     (no gloves)
rMut   .         Stasis   .     l - +0 pair of boots
MR     .....                    (no amulet)
Stlth  +.........               (no ring)
                                (no ring)

@: appendage (expiring), not resistant to hostile enchantments, very unstealthy
A: horns 2, rugged brown scales 2, spiny 1
a: End Transformation


You were on level 5 of the Dungeon.
You were very hungry.
You had grown temporary horns.
You visited 1 branch of the dungeon, and saw 5 of its levels.

You collected 215 gold pieces.

Inventory:

Missiles
 b - 12 arrows
 g - 98 stones (quivered)
 n - 12 curare-tipped needles
 o - 7 tomahawks
Armour
 c - a +0 robe (worn)
 l - a +0 pair of boots (worn)
Scrolls
 f - 4 scrolls of identify
 k - a scroll of enchant armour {unknown}
 q - a scroll of teleportation
 r - 2 scrolls of remove curse
 s - a scroll of fear {unknown}
Potions
 e - a potion of brilliance {unknown}
 h - a potion of curing
 i - 2 potions of agility
 p - a potion of restore abilities {unknown}
 t - 3 potions of flight {unknown}
 u - a potion of magic {unknown}
 v - a potion of might {unknown}
 w - a potion of ambrosia {unknown}
Books
 d - a book of Changes

   Spells                             Type                      Level
   a - Beastly Appendage              Transmutation                1
   b - Sticks to Snakes               Transmutation                2
   c - Spider Form                    Transmutation/Poison         3
   d - Ice Form                       Ice/Transmutation            4
   e - Blade Hands                    Transmutation                5
 x - a book of Battle

   Spells                             Type                      Level
   a - Infusion                       Charms                       1
   b - Shroud of Golubria             Charms/Translocation         2
   c - Song of Slaying                Charms                       2
   d - Spectral Weapon                Hexes/Charms                 3
   e - Regeneration                   Charms/Necromancy            3
Comestibles
 a - 4 bread rations
 m - 4 meat rations


   Skills:
 + Level 3.2 Fighting
 + Level 3.1 Dodging
 * Level 5.0 Unarmed Combat
 + Level 3.5 Spellcasting
 * Level 4.1 Transmutations


You had 7 spell levels left.
You knew the following spells:

 Your Spells              Type           Power        Failure   Level  Hunger
a - Beastly Appendage     Trmt           ###...       3%          1    None
b - Sticks to Snakes      Trmt           ###.......   6%          2    ##.....
c - Spider Form           Trmt/Pois      #.........   28%         3    ###....


Dungeon Overview and Level Annotations

Branches:
Dungeon (5/15)
 Temple: D:4-7

Altars:
Cheibriados
Xom

Annotations:
D:5 Pikel


Innate Abilities, Weirdness & Mutations

You are mostly covered in rugged brown scales (AC +2, +5% HP).
You are partially covered in sharp spines.
You have a pair of horns on your head.


Message History

There is an open door here.
Casting: Beastly Appendage
Confirm with . or Enter, or press ? or * to list all spells.
You grow a pair of large bovine horns.
You hit the goliath beetle but do no damage.
Your headbutt misses the goliath beetle.
The goliath beetle is moderately wounded.
You hit the goliath beetle but do no damage.
You headbutt the goliath beetle.
The goliath beetle is moderately wounded.
The goliath beetle bites you!!
You barely miss the goliath beetle.
Your headbutt misses the goliath beetle.
The goliath beetle is moderately wounded.
You barely miss the goliath beetle.
The goliath beetle is moderately wounded.
Your transformation is almost over.
The goliath beetle bites you!!
Ouch! That really hurt!
You die...

#.##.# #..######..####.#####
##.##.# #.##....##..........#
......# ##.#.####.#.#.#..##..#
##.#### ##..#.#_<#.#.#.#.###..#
##.## ##...#.#..#.#.#.#.###..#
#...####....#.#+##B#..........###
.......'....#.##..##.............
#....###....##.####......########
#.#.#.###......B@......#.##
#....## ##.....#########..#
###.## ##...## ##.# #.# ##'## #.#
#.# #.# #.# ###.##### #.# #.#
........# ##.############.#
###.###.###...##.......>..# # #.#
#.##.....#.##########


You could see a goliath beetle.

Vanquished Creatures
  The ghost of myeffort the Grave Robber, an average DDNe of Xom (D:4)
  A slave (D:5)
  A phantom (D:4)
  2 giant frog zombies (D:4)
  2 centaur skeletons (D:4)
  An orc priest (D:4)
  An iguana (D:4)
  4 orc wizards
  A worker ant (D:3)
  A hound zombie (D:4)
  11 adders
  A shadow imp (D:5)
  3 worms
  An adder skeleton (D:4)
  An adder zombie (D:4)
  A giant gecko (D:4)
  2 oozes
  5 orcs
  A ball python (D:3)
  A bat skeleton (D:4)
  5 bat zombies (D:4)
  7 giant cockroaches
  8 hobgoblins
  6 jackals
  7 kobolds
  A quokka (D:4)
  17 bats
  A giant gecko zombie (D:4)
  2 giant newts
  9 goblins
  A quokka skeleton (D:4)
  7 rats
113 creatures vanquished.

Notes
Turn   | Place    | Note
--------------------------------------------------------------
     0 | D:1      | Fusha, the Demonspawn Transmuter, began the quest for the Orb.
     0 | D:1      | Reached XP level 1. HP: 15/15 MP: 3/3
   383 | D:1      | Found a shimmering altar of Xom.
   831 | D:1      | Gained mutation: You are partially covered in rugged brown scales (AC +1, +3% HP). [demonic ancestry]
   831 | D:1      | Reached XP level 2. HP: 12/21 MP: 4/4
  1280 | D:2      | Learned a level 2 spell: Sticks to Snakes
  1451 | D:2      | Reached skill level 3 in Unarmed Combat
  1451 | D:2      | Gained mutation: You are mostly covered in rugged brown scales (AC +2, +5% HP). [demonic ancestry]
  1451 | D:2      | Reached XP level 3. HP: 16/27 MP: 4/6
  1525 | D:2      | Learned a level 3 spell: Spider Form
  2125 | D:2      | Gained mutation: You are partially covered in sharp spines. [demonic ancestry]
  2125 | D:2      | Reached XP level 4. HP: 14/34 MP: 6/8
  3358 | D:4      | Reached XP level 5. HP: 20/39 MP: 9/9
  3508 | D:4      | Noticed myeffort's ghost (average DDNe)
  3531 | D:4      | Killed myeffort's ghost
  3531 | D:4      | Reached skill level 4 in Unarmed Combat
  3531 | D:4      | Reached XP level 6. HP: 28/48 MP: 9/11
  4271 | D:4      | Noticed a phantom
  4283 | D:4      | Killed a phantom
  4300 | D:4      | Reached XP level 7. HP: 47/53 MP: 11/14
  5723 | D:5      | Entered Level 5 of the Dungeon
  5879 | D:5      | Reached skill level 5 in Unarmed Combat
  5954 | D:5      | Noticed Pikel
  6655 | D:5      | Found a snail-covered altar of Cheibriados.
  6671 | D:5      | HP: 2/54 [goliath beetle (25)]
  6926 | D:5      | Slain by a goliath beetle

Action                   |  1- 3 |  4- 6 |  7- 9 || total
-------------------------+-------+-------+-------++-------
Melee: Unarmed           |   155 |   209 |   163 ||   527
Throw: Stone             |    23 |       |       ||    23
 Cast: Beastly Appendage |     5 |    14 |    11 ||    30
  Use: Scroll            |       |     5 |       ||     5
       Potion            |       |       |     2 ||     2
 Stab: Sleeping          |     1 |       |     1 ||     2
  Eat: Chunk             |     4 |     7 |     6 ||    17
       Beef jerky        |       |       |     1 ||     1
